 Dungeon Crawl Stone Soup version 0.32-a0-558-g233958a4c4 (webtiles) character file.

Game seed: 1011244594619590540

146307 CallForthTheTempest the Metamorph (level 16, -3/143 HPs)
             Began as a Black Draconian Shapeshifter on Feb 29, 2024.
             Was the Champion of Yredelemnul.
             Killed by the raging water
             ... invoked by a water nymph
              (9 damage)
             ... on level 2 of the Shoals on Mar 1, 2024.
             The game lasted 00:55:17 (32075 turns).

CallForthTheTempest the Metamorph (DrSh)           Turns: 32075, Time: 00:55:18

Health: -3/143     AC: 15    Str: 17    XL:     16   Next: 89%
Magic:  22/22      EV: 32    Int: 11    God:    Yredelemnul [******]
Gold:   2059       SH:  8    Dex: 18    Spells: 15/15 levels left

rFire   . .          .
                       - Unarmed
rCold   + . .        D - +0 kite shield
rNeg    . . .        (body armour unavailable)
rPois   +            y - +2 hat {Stlth+}
rElec   +            (no cloak)
rCorr   .            O - +1 pair of gloves
SInv    .            E - +1 pair of boots
Will    +....        A - amulet of the acrobat
Stlth   ++++         C - ring of protection from cold
HPRegen 0.43/turn    P - ring of poison resistance
MPRegen 0.18/turn

%: acrobat
@: maw-form, acrobatic, flying, wreathed by umbra, studying Evocations
A: devouring maw, flying, galvanic breath, AC +9, unfitting armour, big wings,
electricity resistance, cold-blooded, MP-powered wands
a: Galvanic Breath, Begin Untransformation, Renounce Religion, Light the Black
Torch, Recall Undead Harvest, Hurl Torchlight, Bind Soul, Fathomless Shackles


You were on level 2 of the Shoals.
You worshipped Yredelemnul.
Yredelemnul was aware of your devotion.
You were a creature with a mouth for a stomach.
You visited 5 branches of the dungeon, and saw 27 of its levels.

You collected 2409 gold pieces.
You spent 350 gold pieces at shops.

Inventory:

Hand Weapons
 j - the +0 short sword "Rummav" {drain, Str+5}
   (You found it on level 14 of the Dungeon)

   Str+5:     It affects your strength (+5).
Armour
 y - a +2 hat of stealth (worn)
 D - a +0 kite shield (worn)
 E - a +1 pair of boots (worn)
 O - a +1 pair of gloves (worn)
 X - a +0 cloak
Magical Staves
 M - a staff of cold {!a}
Jewellery
 A - an amulet of the acrobat (around neck)
 C - a ring of protection from cold (left hand)
 L - a ring of flight
 N - a ring of positive energy
 P - a ring of poison resistance (right hand)
 Q - the ring of the Solstice {Wiz rN+ Int+3}
   (You found it on level 10 of the Dungeon)

   [ring of wizardry]

   Wiz:       It improves your spell success rate.
   Int+3:     It affects your intelligence (+3).
   rN+:       It protects you from negative energy.
 U - an amulet of reflection
Talismans
 F - a maw talisman (active)
Wands
 c - a wand of charming (9)
 d - a wand of roots (12)
 p - a wand of polymorph (20)
 v - a wand of quicksilver (18)
 x - a wand of mindburst (28)
 J - a wand of flame (3)
Scrolls
 f - 2 scrolls of fog
 h - 6 scrolls of brand weapon
 m - 2 scrolls of silence {!r!r}
 o - 5 scrolls of enchant weapon
 r - 2 scrolls of blinking {!r}
 t - 6 scrolls of poison {!r}
 u - 4 scrolls of revelation
 G - 5 scrolls of enchant armour
 I - 14 scrolls of teleportation {@r4}
 R - 2 scrolls of butterflies
 S - 3 scrolls of fear
 V - 2 scrolls of identify {@r1}
 W - a scroll of immolation {!r!r}
Potions
 b - 2 potions of resistance
 e - 3 potions of cancellation
 g - 4 potions of invisibility
 i - 3 potions of berserk rage {!q}
 k - 4 potions of mutation {!q}
 l - a potion of ambrosia
 n - 4 potions of haste {@q3}
 q - 9 potions of curing {@q1}
 s - a potion of lignification {!q}
 w - 5 potions of attraction {!q}
 z - 5 potions of brilliance
 B - 3 potions of magic
 H - 4 potions of enlightenment
 T - a potion of might
Miscellaneous
 K - a condenser vane


   Skills:
 - Level 13.1 Fighting
 - Level 11.2 Dodging
 - Level 17.0 Unarmed Combat
 - Level 8.0 Invocations
 + Level 17.8 Shapeshifting


You had 15 spell levels left.
You didn't know any spells.
Your spell library contained the following spells:

 Spells                   Type           Power      Damage    Failure   Level
 Apportation              Tloc           0%         N/A       75%         1
 Foxfire                  Conj/Fire      0%         2x1d4     75%         1
 Necrotise                Necr           0%         1d4       75%         1
 Shock                    Conj/Air       0%         1d3       75%         1
 Slow                     Hex            0%         N/A       75%         1
 Sting                    Conj/Alch      0%         1d3       75%         1
 Summon Small Mammal      Summ           0%         N/A       75%         1
 Cigotuvi's Dreadful Rot  Necr/Alch/Air  0%         N/A       86%         2
 Ensorcelled Hibernation  Hex/Ice        0%         N/A       86%         2
 Jinxbite                 Hex            0%         N/A       86%         2
 Call Canine Familiar     Summ           0%         N/A       98%         3
 Confusing Touch          Hex            0%         N/A       98%         3
 Dazzling Flash           Conj/Hex       0%         N/A       98%         3
 Frozen Ramparts          Ice            0%         1d1       98%         3
 Fugue of the Fallen      Necr           0%         N/A       98%         3
 Gell's Gravitas          Tloc           0%         N/A       98%         3
 Inner Flame              Hex/Fire       0%         N/A       98%         3
 Mephitic Cloud           Conj/Alch/Air  0%         N/A       98%         3
 Sigil of Binding         Hex            0%         N/A       98%         3
 Swiftness                Air            0%         N/A       98%         3
 Teleport Other           Tloc           0%         N/A       98%         3
 Tukima's Dance           Hex            0%         N/A       98%         3
 Vampiric Draining        Necr           0%         2d6       98%         3
 Volatile Blastmotes      Fire/Tloc      0%         2d10      98%         3
 Airstrike                Air            0%         2d(0-16)  100%        4
 Anguish                  Hex/Necr       0%         N/A       100%        4
 Dimensional Bullseye     Hex/Tloc       0%         N/A       100%        4
 Ignite Poison            Fire/Alch      0%         N/A       100%        4
 Iskenderun's Mystic Bla  Conj/Tloc      0%         2d3       100%        4
 Leda's Liquefaction      Alch/Erth      0%         N/A       100%        4
 Petrify                  Alch/Erth      0%         N/A       100%        4
 Sticky Flame             Fire/Alch      0%         2d4       100%        4
 Alistair's Intoxication  Alch           0%         N/A       100%        5
 Borgnjor's Vile Clutch   Necr/Erth      0%         N/A       100%        5
 Curse of Agony           Necr           0%         N/A       100%        5
 Freezing Cloud           Conj/Ice/Air   0%         6-21      100%        5
 Metabolic Englaciation   Hex/Ice        0%         N/A       100%        5
 Silence                  Hex/Air        0%         N/A       100%        5
 Dispersal                Tloc           0%         N/A       100%        6
 Plasma Beam              Fire/Air       0%         2x1d10    100%        6
 Starburst                Conj/Fire      0%         6d3       100%        6
 Haunt                    Necr/Summ      0%         N/A       100%        7
 Borgnjor's Revivificati  Necr           0%         N/A       100%        8
 Ignition                 Fire           0%         3d3       100%        8
 Maxwell's Capacitive Co  Air            0%         ∞         100%        8
 Death's Door             Necr           0%         N/A       100%        9
 Animate Dead             Necr           Unusable   N/A       N/A         4
 Death Channel            Necr           Unusable   N/A       N/A         6

Dungeon Overview and Level Annotations

Branches:
Dungeon (15/15)            Temple (0/1) D:5            Lair (5/5) D:11
 Shoals (2/4) Lair:2        Snake (3/4) Lair:2        Slime (0/5) Lair:5
    Orc (2/2) D:11            Elf (0/3) Orc:2        Vaults (0/5) D:14
 Depths (0/4) D:15

Altars:
Ashenzari
Cheibriados
Ru
Sif Muna
Trog
Uskayaw
Vehumet
Wu Jian
Xom
Yredelemnul
Zin
Beogh
Jiyva

Shops:
D:4 [   D:6 *   D:9 (:[=   D:12 =   Orc:1 (   Orc:2 :=*[?   Shoals:2 (
Snake:1 ?(?   Snake:2 [   Snake:3 =

Annotations:
D:7 1 exclusion
D:12 1 runed translucent door
Orc:2 1 runed translucent door, FlatIsJustice's ghost, adept FoFi


Innate Abilities, Weirdness & Mutations

You are a creature with a mouth for a stomach.
Your midsection houses a second, enormous mouth.
You are flying.
You can breathe arcing electricity.
Your glossy black scales are hard. (AC +9)
You cannot fit into any form of body armour.
Your large and strong wings let you fly.
You are resistant to electric shocks. (rElec)
You are cold-blooded and may be slowed by cold attacks.
You expend magic power (3 MP) to strengthen your wands.


Message History

The merfolk impaler dies!
Their soul becomes fuel for the torch.
You hear a splash. x2
A nearby plant withers and dies.
The merfolk hits the plant with a +0 spear.
The plant begins to die.
A merfolk is nearby!
Your wraith barely misses the merfolk.
Unknown command.
The merfolk barely misses your merfolk impaler zombie.
Your wraith barely misses the merfolk.
Something completely misses your merfolk impaler zombie.
Something hits your wraith!!
You start resting.
Your wraith barely misses the merfolk.
Unknown command.
A merfolk is nearby!
Your jiangshi claws the merfolk.
Your jiangshi draws strength from the merfolk's injuries!
Your jiangshi claws the merfolk.
Your jiangshi draws strength from the merfolk's injuries!
The merfolk barely misses your jiangshi.
Your wraith hits the merfolk!
Your wraith drains the merfolk's vigour!
The merfolk seems to slow down.
Your merfolk impaler zombie hits the merfolk but does no damage.
The merfolk hits your merfolk impaler zombie with a +0 spear!!
Your wraith hits the merfolk.
Your wraith drains the merfolk's vigour!
The merfolk seems to slow down.
Your jiangshi barely misses the merfolk. x2
Your merfolk impaler zombie hits the merfolk!
The merfolk dies!
Their soul becomes fuel for the torch.
You hear a splash.
You start resting.
Your jiangshi returns to the grave!
Your wraith hits the plant.
The plant begins to die.
Your wraith drains the plant's vigour!
You start resting.
Your wraith hits the plant!
Your wraith drains the plant's vigour!
Unknown command.
The water nymph casts a spell at you. The water rises up and strikes you!!
* * * LOW HITPOINT WARNING * * *
Your merfolk zombie hits the plant!
The water nymph touches your wraith.
The merfolk hits your wraith with a +0 trident!
The water nymph casts a spell at you. The water rises up and strikes you!
You die...
Your body rises from the dead as a mindless zombie.

~~~~≈≈≈≈~~~~~~~
~~~P≈≈≈≈~~~~~~~
.P~PP≈≈≈~~~...~~~~~~~~
.PPPP≈≈~~~....~~~~~~~~
...P~~≈~~~....~~~~~..~
...P~~≈~~~# .~~~~....
.P..~~≈≈~~# .~~~~....
#...P~≈W~~# ♣~~~P...#
##..~~~≈~P####~~~~~.~~
###...P~≈≈ZZWm~~~~P~~~~
?(~.....~~≈Z≈ZWm~))~~~~~~
..~~....~~≈≈≈≈≈~.~~)~P~~≈
~~~.##..P~≈≈≈≈≈P~~~P~P~≈≈
~~~~.##~~~≈≈≈≈≈≈~~~~P~~m≈
~~~~~~~~P~~≈≈≈≈≈~~~~P~PPP
~~~~~~~~~~P~≈~~~P~~~~~~~~


You could see a merfolk, a water nymph (ally target), a friendly spectral
merfolk, 2 friendly wraiths, a friendly merfolk zombie, a friendly merfolk
impaler zombie and a friendly skyshark zombie.

Vanquished Creatures
  Saint Roka (Snake:3)
  Gastronok (Lair:2)
  Agnes (D:15)
  A nagaraja (Snake:3)
  Nessos (Lair:5)
  A minotaur (Shoals:1)
  A merfolk impaler (Shoals:1)
  A fire dragon (Lair:5)
  An ogre mage (Orc:1)
  2 hydras
  6 boulder beetles
  The ghost of Skimidon the Grappler, a novice TrFi of Wu Jian (D:8)
  An anaconda (Snake:1)
  2 centaur warriors
  A satyr (Shoals:1)
  A tengu warrior (D:14)
  6 death yaks
  2 two-headed ogres (Orc:1)
  3 shock serpents
  An orc high priest (Orc:2)
  Sonja (D:10)
  3 naga sharpshooters
  An occultist (D:14)
  2 skysharks
  A salamander mystic (Snake:2)
  An arcanist (D:14)
  A deep troll (D:15)
  A sea snake (Shoals:1)
  A mana viper (Snake:3)
  A naga ritualist (Snake:2)
  A lindwurm (Lair:5)
  9 orc knights
  2 harpies (Shoals:1)
  A spectral merfolk (Shoals:1)
  3 salamanders (Snake:2)
  11 ugly things
  2 manticores (Shoals:1)
  A faun (Shoals:1)
  5 orc sorcerers
  5 cyclopes
  A meliai (shapeshifter) (D:8)
  3 meliai (Shoals:1)
  2 elephants
  14 black mambas
  6 naga magi
  An orange demon (Lair:1)
  3 kobold blastminers
  A gargoyle (D:10)
  12 cane toads
  An unseen horror (D:11)
  12 komodo dragons
  A rime drake (shapeshifter) (D:13)
  A rime drake (Lair:1)
  A tengu conjurer (D:14)
  A yaktaur (D:15)
  4 trolls
  6 saltlings (Orc:2)
  A wind drake (Shoals:1)
  16 blink frogs
  A merfolk (Shoals:2)
  2 polar bears
  3 dream sheep
  A spectral orc (Orc:2)
  3 snapping turtles
  6 slime creatures
  Sigmund (D:4)
  A shadow (D:11)
  5 wyverns
  Eustachio (D:4)
  10 yaks
  A wraith (D:12)
  3 fire elementals
  4 basilisks
  A water elemental (Lair:2)
  3 wargs
  A human (shapeshifter) (D:14)
  A steam dragon (D:7)
  9 vampire mosquitoes
  7 nagas
  5 hell hounds
  6 water moccasins
  Duvessa (D:4)
  A manticore zombie (Shoals:1)
  2 hornet zombies (D:6)
  An ice beast (D:5)
  15 orc warriors
  3 sky beasts
  A blink frog zombie (Lair:5)
  A laughing skull (D:15)
  An elephant zombie (Shoals:1)
  20 wolves
  An ogre (shapeshifter) (D:8)
  2 ogres
  4 centaurs
  2 phantoms (D:5)
  3 kobold brigands
  6 bullfrogs
  2 gnoll sergeants (D:7)
  A scorpion (D:7)
  A water moccasin zombie (D:6)
  3 wights (D:8)
  Dowan (D:4)
  5 spriggan skeletons (D:13)
  6 killer bees (D:10)
  A troll skeleton (D:13)
  A wolf zombie (Lair:5)
  4 lava snakes (Lair:5)
  13 orc priests
  A bombardier beetle (D:3)
  A bullfrog skeleton (D:6)
  4 hounds
  6 jellies (Lair:5)
  A sleepcap (D:8)
  7 iguanas
  13 orc wizards
  Natasha (twice) (D:3)
  A naga zombie (Snake:3)
  Robin (D:4)
  18 gnolls
  An adder (D:5)
  2 ufetubi (D:3)
  3 ribbon worms (D:7)
  3 dart slugs (D:4)
  51 orcs
  3 ball pythons
  10 endoplasms
  3 giant cockroaches
  10 goblins
  2 hobgoblins
  3 jackals (D:1)
  20 kobolds
  4 quokkas
  7 bats
  4 frilled lizards (D:1)
  2 orc zombies
  6 rats
541 creatures vanquished.

Vanquished Creatures (collateral kills)
  Nikola (Shoals:1)
  Donald (Snake:2)
  2 ettins
  3 merfolk impalers
  A merfolk javelineer (Shoals:1)
  A salamander tyrant (Snake:2)
  3 hydras
  The ghost of Nammoc the Thaumaturge, a journeyman GnWn of Cheibriados (Lair:3)
  A centaur warrior (D:15)
  A catoblepas (Lair:3)
  4 boulder beetles
  An anaconda (Snake:2)
  11 death yaks
  A two-headed ogre (Orc:1)
  2 tengu warriors (D:15)
  A naga sharpshooter (Snake:2)
  4 naga warriors
  Amaemon (Lair:1)
  3 skysharks
  A naga ritualist (Snake:1)
  2 mana vipers (Snake:1)
  A sea snake (Shoals:2)
  A harpy (Shoals:1)
  3 orc knights (Orc:2)
  A necromancer (D:15)
  2 fauns (Shoals:1)
  3 manticores
  2 cyclopes
  2 salamanders
  7 ugly things
  2 kobold blastminers
  A merfolk siren (Shoals:1)
  8 black mambas
  A water nymph (Shoals:1)
  A naga mage (Snake:3)
  An elephant (Shoals:1)
  3 cane toads
  2 molten gargoyles (Lair:5)
  3 unseen horrors
  2 torpor snails
  3 komodo dragons
  2 trolls
  A queen bee (shapeshifter) (D:8)
  5 merfolk
  3 saltlings (Orc:2)
  Prince Ribbit (Lair:2)
  9 blink frogs
  A snapping turtle (Shoals:1)
  10 dream sheep
  3 slime creatures (D:12)
  14 yaks
  A shadow (D:10)
  A fire elemental (Orc:2)
  A wyvern (Lair:3)
  A warg (Snake:3)
  2 basilisks
  A steam dragon (Lair:5)
  3 vampire mosquitoes
  Grum (Lair:1)
  A neqoxec (D:8)
  Edmund (D:4)
  6 nagas
  A hell hound (Orc:2)
  6 water moccasins
  A laughing skull (D:15)
  A black bear (D:11)
  6 orc warriors
  A hornet zombie (D:6)
  An ogre (Orc:2)
  A phantom (D:4)
  4 centaurs
  12 wolves
  5 bullfrogs
  A lava snake (Lair:5)
  4 orc priests
  A bombardier beetle (D:5)
  8 jellies
  A sleepcap (D:6)
  6 orc wizards
  A howler monkey skeleton (D:6)
  4 gnolls
  2 adders (D:4)
  20 orcs
  A ball python (D:4)
  3 endoplasms
  7 goblins (D:4)
  2 hobgoblins (D:4)
  A bat (D:3)
  A rat (D:3)
265 creatures vanquished.

Vanquished Creatures (others)
  A spectral dwarf (Snake:3)
  A spectral efreet (D:15)
  A spectral naga (Snake:3)
  A spectral death yak (Lair:5)
  A spectral spriggan (D:15)
  An anaconda zombie (Snake:2)
  A spectral shock serpent (Snake:2)
  A shock serpent zombie (Snake:1)
  A merfolk siren (Shoals:1)
  10 spectral orcs
  An unseen horror zombie (D:12)
  2 death yak zombies
  A spectral faun (Shoals:1)
  4 centaur zombies
  A harpy zombie (Shoals:1)
  A meliai zombie (Shoals:1)
  A spectral meliai (Shoals:1)
  A spectral manticore (Shoals:1)
  2 merfolk zombies (Shoals:1)
  3 black mamba zombies
  A spectral wind drake (Shoals:1)
  A spectral salamander (Snake:2)
  A spectral kobold (Orc:2)
  A skyshark zombie (Shoals:1)
  A salamander zombie (Snake:2)
  A tengu zombie (D:15)
  2 cane toad zombies
  A spectral yak (Lair:4)
  A spectral snapping turtle (Shoals:1)
  5 spectral blink frogs
  5 blink frog zombies
  A spectral cyclops (Orc:2)
  A spectral warg (Orc:2)
  2 spectral hell hounds
  2 komodo dragon zombies (Lair:5)
  A hell hound zombie (Orc:2)
  A spectral water moccasin (Lair:5)
  A water moccasin zombie (Lair:2)
  2 naga zombies (Snake:2)
  A yak zombie (Lair:5)
  A troll zombie (D:13)
  A spectral wolf (Lair:5)
  5 wolf zombies
  3 spectral centaurs
  2 bullfrog zombies
  A hound zombie (D:6)
  A human zombie (D:4)
  An iguana zombie (D:5)
  5 jelly zombies (Lair:5)
  A bat zombie (D:3)
  3 gnoll zombies (D:6)
  3 goblin zombies (D:4)
  2 hobgoblin zombies (D:4)
  8 kobold zombies
  18 orc zombies
123 creatures vanquished.

Grand Total: 929 creatures vanquished

Notes
Turn   | Place    | Note
-------+----------+-------------------------------------------
     0 | D:1      | CallForthTheTempest the Draconian Shapeshifter began the
                  | quest for the Orb.
     0 | D:1      | Reached XP level 1. HP: 16/16 MP: 1/1
   131 | D:1      | Got Fudiffa's Tome of Execration
   194 | D:1      | Reached XP level 2. HP: 16/23 MP: 2/2
   639 | D:1      | Reached XP level 3. HP: 29/29 MP: 3/3
  1295 | D:2      | Reached XP level 4. HP: 36/36 MP: 4/4
  1396 | D:2      | Found a faded altar of an unknown god.
  1408 | D:2      | Prayed at the altar of an unknown god.
  1408 | D:2      | Became a worshipper of Yredelemnul the Fallen
  1408 | D:2      | Reached * piety under Yredelemnul
  2418 | D:3      | Noticed Natasha
  2426 | D:3      | Killed Natasha
  2494 | D:3      | Found an ornate altar of the Wu Jian Council.
  2513 | D:3      | Reached XP level 5. HP: 27/42 MP: 5/5
  2675 | D:3      | Reached skill level 1 in Invocations
  2815 | D:3      | Noticed Natasha
  2822 | D:3      | Killed Natasha
  2906 | D:4      | Noticed Robin
  2914 | D:4      | Noticed a phantom
  2920 | D:4      | Killed Robin
  2936 | D:4      | Killed a phantom
  2937 | D:4      | Reached skill level 3 in Fighting
  2937 | D:4      | Reached skill level 3 in Dodging
  2937 | D:4      | Reached XP level 6. HP: 33/51 MP: 7/7
  2938 | D:4      | Reached ** piety under Yredelemnul
  3054 | D:4      | Noticed Edmund
  3056 | D:4      | Found a broken altar of Ashenzari.
  3095 | D:4      | Killed Edmund
  3297 | D:4      | Noticed Sigmund
  3316 | D:4      | Killed Sigmund
  3317 | D:4      | Your scales start taking on a glossy black colour.
  3317 | D:4      | Reached XP level 7. HP: 39/57 MP: 8/8
  3317 | D:4      | Gained mutation: You are resistant to electric shocks.
                  | (rElec) [Black Draconian growth]
  3387 | D:4      | Found Ukaec's Armour Shop.
  3472 | D:4      | Noticed Eustachio
  3472 | D:4      | Noticed Dowan
  3473 | D:4      | Noticed Duvessa
  3494 | D:4      | Killed Eustachio
  3495 | D:4      | Reached skill level 6 in Unarmed Combat
  3495 | D:4      | Reached skill level 3 in Invocations
  3495 | D:4      | Killed Duvessa
  3498 | D:4      | Killed Dowan
  3499 | D:4      | Reached XP level 8. HP: 42/66 MP: 10/10
  3503 | D:4      | Your ally Edmund died
  3861 | D:5      | Entered Level 5 of the Dungeon
  3868 | D:5      | Identified a scroll of acquirement
  3869 | D:5      | Acquired a manual of Evocations
  4197 | D:5      | Found a staircase to the Ecumenical Temple.
  4528 | D:5      | Reached *** piety under Yredelemnul
  5281 | D:6      | Found Ihassiga's Gadget Gallery.
  5529 | D:6      | Reached XP level 9. HP: 70/74 MP: 12/12
  5846 | D:6      | Found a sacrificial altar of Ru.
  5847 | D:6      | Found a shimmering blue altar of Sif Muna.
  6454 | D:7      | Found a snail-covered altar of Cheibriados.
  6549 | D:7      | Reached skill level 6 in Fighting
  6759 | D:7      | Reached **** piety under Yredelemnul
  6793 | D:7      | Noticed a moth of wrath
  6802 | D:7      | Found a bloodstained altar of Trog.
  7169 | D:8      | Found a runed translucent gate.
  7169 | D:8      | Found a runed translucent gate.
  7169 | D:8      | Found a runed translucent gate.
  7170 | D:8      | Noticed a green ugly thing
  7170 | D:8      | Noticed a brown ugly thing
  7171 | D:8      | Noticed a purple ugly thing
  7174 | D:8      | Noticed a purple ugly thing
  7174 | D:8      | Noticed a red ugly thing
  7504 | D:8      | Reached skill level 6 in Shapeshifting
  7858 | D:8      | Reached skill level 9 in Unarmed Combat
  8480 | D:9      | Found Dogret's Weapon Emporium.
  8700 | D:9      | Found Vawo's Antique Armour Shoppe.
  8702 | D:9      | Found Howalued's Jewellery Shop.
  8705 | D:9      | Found Nucwit's Book Boutique.
  8930 | D:9      | Found a radiant altar of Vehumet.
  9507 | D:10     | Entered Level 10 of the Dungeon
  9569 | D:10     | Noticed Sonja
  9572 | D:10     | Killed Sonja
  9573 | D:10     | Reached XP level 10. HP: 84/84 MP: 13/13
  9584 | D:10     | Reached skill level 6 in Dodging
  9607 | D:10     | Identified the ring of the Solstice {Wiz rN+ Int+3}
  9623 | D:10     | Noticed a gargoyle
  9631 | D:10     | Killed a gargoyle
  9859 | D:10     | Reached ***** piety under Yredelemnul
 10094 | D:10     | Found a shimmering altar of Xom.
 10280 | D:10     | Found a glowing silver altar of Zin.
 10630 | D:11     | Noticed Erica
 10895 | D:11     | Killed Erica
 10895 | D:11     | Bound Erica
 10964 | D:11     | Found a staircase to the Lair.
 10965 | D:11     | Noticed an elephant
 10975 | D:11     | Killed an elephant
 11170 | D:11     | Reached XP level 11. HP: 94/94 MP: 14/14
 11200 | D:11     | Found a staircase to the Orcish Mines.
 11327 | D:11     | Noticed a brown ugly thing
 11336 | D:11     | Killed a cyan ugly thing
 11784 | Lair:1   | Entered Level 1 of the Lair of Beasts
 11947 | Lair:1   | Noticed a death yak
 11948 | Lair:1   | Noticed a death yak
 11949 | Lair:1   | Noticed a death yak
 11949 | Lair:1   | Noticed a death yak
 11949 | Lair:1   | Noticed a death yak
 11949 | Lair:1   | Noticed a death yak
 11966 | Lair:1   | Killed a death yak
 11972 | Lair:1   | Killed a death yak
 11973 | Lair:1   | Killed a death yak
 11978 | Lair:1   | Killed a death yak
 11979 | Lair:1   | Reached skill level 9 in Fighting
 11979 | Lair:1   | Killed a death yak
 11980 | Lair:1   | Reached skill level 12 in Unarmed Combat
 11986 | Lair:1   | Killed a death yak
 12182 | Lair:1   | Reached XP level 12. HP: 105/105 MP: 15/15
 12186 | Lair:1   | Noticed Amaemon
 12199 | Lair:1   | Killed Amaemon
 12495 | Lair:1   | Noticed Grum
 12510 | Lair:1   | Killed Grum
 13113 | Lair:2   | Found a staircase to the Snake Pit.
 13144 | Lair:2   | Noticed Prince Ribbit
 13155 | Lair:2   | Killed Prince Ribbit
 13172 | Lair:2   | Noticed Gastronok
 13185 | Lair:2   | Killed Gastronok
 13188 | Lair:2   | Reached skill level 9 in Shapeshifting
 13424 | Lair:2   | Found a staircase to the Shoals.
 13459 | Lair:2   | Noticed a boulder beetle
 13472 | Lair:2   | Killed a boulder beetle
 14125 | Lair:2   | Reached skill level 9 in Dodging
 14484 | Lair:3   | Found a runed translucent door.
 14663 | Lair:3   | Noticed a five-headed hydra
 14670 | Lair:3   | Killed a five-headed hydra
 14951 | Lair:3   | Reached XP level 13. HP: 109/115 MP: 16/16
 15208 | Lair:3   | Noticed Nammoc's ghost (journeyman GnWn)
 15414 | Lair:3   | Killed Nammoc's ghost
 16259 | Lair:4   | Identified the +6 dagger of Peril {flame, rCorr Str+3}
 16766 | Lair:5   | Entered Level 5 of the Lair of Beasts
 16830 | Lair:5   | Noticed Urug
 16837 | Lair:5   | Killed Urug
 16837 | Lair:5   | Bound Urug
 16841 | Lair:5   | Reached skill level 15 in Unarmed Combat
 16923 | Lair:5   | Found a staircase to the Slime Pits.
 16929 | Lair:5   | Found a viscous altar of Jiyva.
 16967 | Lair:5   | Noticed Nessos
 16975 | Lair:5   | Killed Nessos
 17116 | Lair:5   | Reached ****** piety under Yredelemnul
 17286 | Lair:5   | Reached skill level 12 in Fighting
 17290 | Lair:5   | Gained mutation: Your large and strong wings let you fly.
                  | [Black Draconian growth]
 17290 | Lair:5   | Reached XP level 14. HP: 61/126 MP: 13/18
 17293 | Lair:5   | Your ally Urug died
 17296 | Lair:5   | Your ally Nessos died
 17686 | Lair:5   | Reached skill level 6 in Invocations
 18146 | Lair:5   | Found a large runed translucent door.
 18146 | Lair:5   | Found a large runed translucent door.
 18806 | Lair:5   | Identified the +1 robe of Resilience {rElec Dex-4 Stlth+
                  | Archmagi}
 19141 | Orc:1    | Entered Level 1 of the Orcish Mines
 19189 | Orc:1    | Found Ruckuri's Weapon Shop.
 19801 | Orc:2    | Entered Level 2 of the Orcish Mines
 19813 | Orc:2    | Found a runed translucent door.
 19814 | Orc:2    | Noticed FlatIsJustice's ghost (adept FoFi)
 19818 | Orc:2    | Found a staircase to the Elven Halls.
 19879 | Orc:2    | Noticed Azrael
 20351 | Orc:2    | Found Pigasuen's Self-Improvement Boutique.
 20370 | Orc:2    | Killed Azrael
 20370 | Orc:2    | Bound Azrael
 21203 | Orc:2    | Paralysed by an orc sorcerer for 4 turns
 21402 | Orc:2    | Found Unwuixim's Jewellery Shop.
 21426 | Orc:2    | Found Joucheopp's Antique Armour Shoppe.
 21429 | Orc:2    | Found a roughly hewn altar of Beogh.
 22081 | Orc:2    | Reached XP level 15. HP: 128/134 MP: 20/20
 22103 | Orc:2    | Found Loklish's Assorted Antiques.
 22114 | Orc:2    | Bought a metallic inky potion for 16 gold pieces
 22114 | Orc:2    | Bought a bubbling green potion for 16 gold pieces
 22114 | Orc:2    | Bought a scroll of teleportation for 54 gold pieces
 22132 | Orc:2    | Found Falosmer's Magic Scroll Shoppe.
 22272 | Orc:2    | Bought a scroll of butterflies for 60 gold pieces
 22272 | Orc:2    | Bought a scroll of fear for 60 gold pieces
 22272 | Orc:2    | Bought a scroll of fear for 60 gold pieces
 22947 | D:12     | Noticed a storm dragon
 22948 | D:12     | Found a runed translucent door.
 22950 | D:12     | Noticed a storm dragon
 23397 | D:12     | Found Asuleytrae's Jewellery Boutique.
 23994 | D:13     | Reached skill level 12 in Shapeshifting
 24008 | D:13     | Identified the +1 shortbow "Akkiz" {heavy, rElec Str+2
                  | Dex+3}
 24578 | D:14     | You are sucked into a shaft and drop 1 floor!
 24578 | D:15     | Entered Level 15 of the Dungeon
 24963 | D:14     | Found a gate to the Vaults.
 25072 | D:14     | Identified the +0 short sword "Rummav" {drain, Str+5}
 25440 | D:15     | Noticed Agnes
 25450 | D:15     | Your ally Azrael died
 25460 | D:15     | Killed Agnes
 25484 | D:15     | Your ally Agnes died
 25755 | D:15     | Found a staircase to the Depths.
 26127 | D:15     | Noticed Louise
 26146 | D:15     | Killed Louise
 26146 | D:15     | Bound Louise
 26690 | D:8      | Found a runed translucent gate.
 26690 | D:8      | Found a runed translucent gate.
 26693 | D:8      | Noticed Skimidon's ghost (novice TrFi)
 26695 | D:8      | Found a runed translucent gate.
 26722 | D:8      | Killed Skimidon's ghost
 26750 | D:8      | Gained mutation: You expend magic power (3 MP) to
                  | strengthen your wands. [mutagenic glow]
 27063 | Snake:1  | Entered Level 1 of the Snake Pit
 27066 | Snake:1  | Found Ukeluk's Antique Weapon Shop.
 27247 | Snake:1  | Reached XP level 16. HP: 112/143 MP: 22/22
 27405 | Snake:1  | Found Qeumar's Magic Scroll Shoppe.
 27418 | Snake:1  | Reached skill level 15 in Shapeshifting
 27899 | Snake:1  | Found Qurualigg's Magic Scroll Boutique.
 27906 | Snake:1  | Bought a scroll of teleportation for 42 gold pieces
 27906 | Snake:1  | Bought a scroll of teleportation for 42 gold pieces
 28378 | Snake:2  | Found Jedon's Antique Armour Shoppe.
 28404 | Snake:2  | Noticed Jorgrun
 28412 | Snake:2  | Killed Jorgrun
 28412 | Snake:2  | Bound Jorgrun
 28828 | Snake:2  | Noticed Donald
 28842 | Snake:2  | Killed Donald
 30191 | Snake:3  | Found Zoereda's Weapon Shop.
 30195 | Snake:3  | Found Erenalla's Jewellery Shop.
 30325 | Snake:3  | Noticed Saint Roka
 30339 | Snake:3  | Your ally Jorgrun died
 30341 | Snake:3  | Killed Saint Roka
 30808 | Shoals:1 | Entered Level 1 of the Shoals
 31154 | Shoals:1 | Noticed Nikola
 31166 | Shoals:1 | Killed Nikola
 31397 | Shoals:1 | Found a hide-covered altar of Uskayaw.
 32012 | Shoals:2 | Found Ludiw's Weapon Shop.
 32073 | Shoals:2 | HP: 5/143 [water nymph/the raging water (35)]
 32075 | Shoals:2 | Killed from afar by a water nymph

Illustrated notes

Levels and vault maps discovered:
D:1:      dpeg_arrival_tiny_a, layout_loops_corners
D:2:      layout_basic, ebering_ecumenical_altar_box
D:3:      layout_basic, lemuel_tele_altar, minmay_three_crescents, uniq_natasha
D:4:      layout_basic, mainiacjoe_overflow_tiny_flanked, serial_shops,
          nicolae_square_shop, minmay_misc_feat_square, uniq_duvessa,
          uniq_robin, uniq_eustachio, uniq_edmund, uniq_sigmund
D:5:      layout_basic, minmay_temple_entry_sparse_star,
          hangedman_minor_gate_pass
D:6:      layout_gridville, mainiacjoe_overflow_divided_tiny, serial_undead,
          serial_undead_a, serial_undead_d, serial_undead_d, serial_undead_b,
          grunt_decor_resistance, nicolae_shop_gadgets
D:7:      layout_rooms, slow_altar_1, tgw_trog
D:8:      layout_basic, ploomutoo_gammafunk_ghost_potion_laboratory,
          chequers_jeans
D:9:      layout_layer_cave, lemuel_round_altar, serial_shops, shop, shop,
          nicolae_shop_stone, shop
D:10:     layout_loops_ring, zin_statuary, mainiacjoe_overflow_alcove_4,
          uniq_sonja
D:11:     layout_basic, david_lair_generic, orc_0_dummy, uniq_erica
D:12:     minmay_gate_of_8, layout_grid_maze, serial_shops, kennysheep_mini
D:13:     layout_basic, grunt_decor_one_mirror, hangedman_tell_no_tales
D:14:     layout_small_grid, hellmonk_vaults_attempted_burglary,
          chequers_serial_rivers_micro_e
D:15:     hangedman_depths_entry_civil_slaughter, layout_long_grid, uniq_agnes,
          uniq_louise
Lair:1:   layout_cave_pods, lemuel_fruit_tree, lemuel_fruit_fields,
          grunt_megastairs_2, uniq_amaemon, uniq_grum
Lair:2:   layout_regular_city, minmay_shoals_entry_hut,
          guppyfry_snake_entry_island, uniq_gastronok, uniq_prince_ribbit2
Lair:3:   layout_long_grid, ebering_ghost_reflecting_pool, serial_bayou_shore_b
Lair:4:   layout_cave_pods, serial_rivers, chequers_serial_rivers_large_b,
          chequers_serial_rivers_micro_d, chequers_serial_rivers_small_b,
          chequers_serial_rivers_large_a, chequers_serial_rivers_small_a
Lair:5:   cheibrodos_lair_end_hotspot, layout_hall_layers,
          minmay_slime_entry_jelly_boxes, uniq_nessos, uniq_urug
Shoals:1: layout_shoals, regret_index_shoals_crete, uniq_nikola
Shoals:2: layout_shoals, serial_shops, nicolae_shop_waterfront, shop,
          nicolae_shop_pleasant_corner_grove, shop, shop
Snake:1:  layout_rooms, serial_shops, nicolae_diamond_shop, shop, shop
Snake:2:  layout_chambers, serial_shops, shop, uniq_donald, uniq_jorgrun
Snake:3:  layout_cave_shapes, minmay_shop_star, uniq_saint_roka
Orc:1:    layout_diamond_mine, serial_shops, nicolae_shop_statue_plus
Orc:2:    hellmonk_orc_salted, layout_diamond_mine, gammafunk_ghost_grave,
          nicolae_shop_self_help, uniq_azrael

Skill      XL: |  1  2  3  4  5  6  7  8  9 10 11 12 13 14 15 16 |
---------------+-------------------------------------------------+-----
Dodging        | 2 3 4 5 6 8 9 10 11 | 11.2
Fighting       | 2 3 4 5 6 8 9 10 12 13 | 13.1
Unarmed Combat | 4 5 6 7 9 10 12 14 15 16 17 | 17.0
Invocations    | 1 2 3 4 5 7 8 |  8.0
Shapeshifting  | 4 5 6 7 8 9 10 11 14 17 | 17.8

Action                     |  1- 3 |  4- 6 |  7- 9 | 10-12 | 13-15 | 16-18 || total
---------------------------+-------+-------+-------+-------+-------+-------++-------
  Melee: Unarmed           |    94 |   150 |   364 |   359 |   760 |   193 ||  1920
         Tailslap          |    14 |    10 |    58 |    64 |   128 |    38 ||   312
         Punch             |       |     3 |    33 |     9 |    80 |       ||   125
         Maw               |       |       |       |    17 |   308 |    83 ||   408
 Invoke: Light the Black T |       |     3 |     6 |     4 |     8 |     4 ||    25
         Hurl Torchlight   |       |     1 |       |       |     1 |     6 ||     8
         Bind Soul         |       |       |       |     2 |     3 |     1 ||     6
         Recall Undead Har |       |       |       |       |     4 |       ||     4
Ability: Galvanic Breath   |       |       |     3 |     2 |     8 |     7 ||    20
  Evoke: Condenser vane    |       |       |       |     1 |     1 |       ||     2
         Wand              |       |       |       |       |     7 |       ||     7
    Use: Potion            |     1 |     1 |     1 |     1 |     5 |     4 ||    13
         Scroll            |       |       |    12 |     8 |     5 |     6 ||    31
   Stab: Sleeping          |     1 |     1 |     1 |       |    14 |     6 ||    23
         Distracted        |       |     4 |     6 |     6 |    17 |     2 ||    35
         Confused          |       |       |       |       |     1 |       ||     1
         Petrified         |       |       |       |       |       |     3 ||     3
 Armour: Skin              |    46 |    77 |   170 |   148 |   385 |   154 ||   980
  Dodge: Dodged            |    52 |   133 |   233 |   346 |   611 |   188 ||  1563
  Block: Kite shield       |       |       |       |       |    57 |    93 ||   150
   Form: Flux              |       |       |       |     1 |       |       ||     1
         Maw               |       |       |       |     1 |       |       ||     1

Table legend: (Time is in decaauts)
 A = Elapsed time spent in this place.
 B = Non-inter-level travel time spent in this place.
 C = Inter-level travel time spent in this place.
 D = Time resting spent in this place.
 E = Time spent auto-exploring this place.
 F = Levels seen in this place.
 G = Mean time per level.
                   A        B        C        D        E       F      G
               +--------+--------+--------+--------+--------+-----+--------+
         Total |  31740 |  29428 |   2312 |   5891 |  19473 |  27 | 1175.6 |
       Dungeon |  16115 |  14733 |   1382 |   2153 |  10553 |  15 | 1074.3 |
          Lair |   7051 |   6566 |    485 |   1277 |   4266 |   5 | 1410.2 |
        Shoals |   1257 |   1230 |     27 |    322 |    673 |   2 |  628.5 |
     Snake Pit |   3695 |   3555 |    140 |    585 |   2623 |   3 | 1231.7 |
  Orcish Mines |   3621 |   3344 |    277 |   1554 |   1358 |   2 | 1810.5 |
               +--------+--------+--------+--------+--------+-----+--------+

Top non-repeatable levels by time:
   Orc:2: 2635 daAuts
  Lair:5: 1990 daAuts
 Snake:2: 1890 daAuts
     D:8: 1715 daAuts
    D:11: 1343 daAuts
  Lair:1: 1339 daAuts
  Lair:2: 1315 daAuts
     D:5: 1285 daAuts
  Lair:3: 1254 daAuts
Shoals:1: 1196 daAuts
  Lair:4: 1151 daAuts
    D:10: 1150 daAuts
     D:9: 1149 daAuts
     D:6: 1078 daAuts
     D:3: 1075 daAuts
